 Dungeon Crawl Stone Soup version 0.31-a0-836-g3ceb0a68c4 (webtiles) character file.

Game seed: 17020543322005353936

105 Kurtz the Chopper (level 4, -3/31 HPs)
             Began as an Octopode Fighter on Sept 27, 2023.
             Slain by an orc
             ... wielding a +0 dagger
              (4 damage)
             ... on level 3 of the Dungeon.
             The game lasted 00:00:48 (2046 turns).

Kurtz the Chopper (Octopode Fighter)                Turns: 2046, Time: 00:00:49

Health: -3/31      AC:  1    Str: 15    XL:     4   Next: 81%
Magic:  4/4        EV: 13    Int: 10    God:
Gold:   84         SH:  4    Dex: 13    Spells: 3/3 levels left

rFire   . . .        a - +0 war axe
rCold   . . .        b - +0 buckler
rNeg    . . .        (helmet restricted)
rPois   .            (no amulet)
rElec   .            (no ring)
rCorr   .            (no ring)
SInv    .            (no ring)
Will    .....        (no ring)
Stlth   ++           (no ring)
HPRegen 0.25/turn    (no ring)
MPRegen 0.09/turn    (no ring)
                     (no ring)

%: no passive effects
@: hasted, very quick
A: almost no armour, amphibious, 8 rings, camouflage 1, gelatinous body 1,
(nimble swimmer 1), tentacles
a: no special abilities


You were on level 3 of the Dungeon.
You visited 1 branch of the dungeon, and saw 3 of its levels.

You collected 84 gold pieces.

Inventory:

Hand Weapons
 a - a +0 war axe (weapon)
Armour
 b - a +0 buckler (worn)
Jewellery
 o - a +4 ring of protection
 q - a ring of positive energy
Scrolls
 g - a scroll of fear {unknown}
 i - a scroll of vulnerability {unknown}
 j - a scroll of blinking {unknown}
 k - 4 scrolls of poison {unknown}
 l - a scroll of teleportation {unknown}
 p - a scroll of brand weapon {unknown}
Potions
 c - a potion of might
 e - 2 potions of invisibility {unknown}
 f - a potion of brilliance {unknown}
 h - a potion of heal wounds {unknown}
 m - a potion of mutation {unknown}
 n - 2 potions of ambrosia {unknown}


   Skills:
 - Level 3.0 Fighting
 * Level 4.8 Axes
 - Level 3.0 Dodging
 - Level 3.0 Shields


You had 3 spell levels left.
You didn't know any spells.
Your spell library contained the following spells:

 Spells                   Type           Power      Damage    Failure   Level
 Dazzling Flash           Conj/Hex       0%         N/A       83%         3
 Agony                    Necr           0%         N/A       100%        5
 Silence                  Hex/Air        0%         N/A       100%        5
 Summon Forest            Summ/Tloc      0%         N/A       100%        5
 Eringya's Noxious Bog    Tmut/Pois      0%         4d6       100%        6
 Summon Hydra             Summ           0%         N/A       100%        7


Dungeon Overview and Level Annotations

Branches:
Dungeon (3/15)

Altars:
Cheibriados
Hepliaklqana


Innate Abilities, Weirdness & Mutations

You cannot wear most types of armour.
You are amphibious.
You can wear up to eight rings at the same time.
Your skin changes colour to match your surroundings (Stealth+).
Your rubbery body absorbs attacks. (AC +1, EV +1)
((You are camouflaged when in or above water. (Stealth+)))
You have tentacles for arms and can constrict up to eight enemies at once.


Message History

Found a hazy altar of Hepliaklqana.
The orc shouts!
An orc comes into view. It is wielding a +0 club.
The orc moves out of view.
There are monsters nearby!
You closely miss the orc. You grab the orc. You closely miss the orc.
You constrict the orc, but do no damage.
You block the orc's attack. The orc closely misses you.
You slash the orc!
You kill the orc!
You slash the orc!
You kill the orc!
An orc comes into view. It is wielding a +0 flail.
There are monsters nearby!
You barely miss the orc.
The orc shouts!
You grab the orc.
You constrict the orc, but do no damage.
The orc escapes!
You closely miss the orc wizard. You grab the orc wizard.
You squeeze the orc wizard.
The orc wizard is moderately wounded.
You closely miss the orc. x2; You constrict the orc wizard.
The orc hits you with a +0 club.
The orc wizard hits you with a +0 dagger.
The orc barely misses you.
You slash the orc wizard!
You kill the orc wizard!
You hit the orc but do no damage. You barely miss the orc.
The orc hits you with a +0 club. The orc hits you with a +0 dagger.
The orc hits you with a +0 club. The orc hits you with a +0 flail!
* * * LOW HITPOINT WARNING * * *
The orc barely misses you. The orc closely misses you.
Unknown command.
The orc hits you with a +0 club.
* * * LOW HITPOINT WARNING * * *
Unknown command.
It was a potion of haste.
You feel yourself speed up. The orc hits you with a +0 dagger.
You die...

. ..# #. ..# .. ..#
.##.# _. ...## ..§P
o..# P§§..##Ko## .
..P....oo.##.##
P###.##o@..#..#
####### #.####.)##..
#..<.## #.......##.#
######.##
#######.##.##.#...#.##
#.##....#.......
#....##.#...#.##
####..#.##<##.##
##....[....##
##.###.#####


You could see 5 orcs and a kobold.

Vanquished Creatures
  An orc wizard (D:3)
  3 adders
  A worm (D:2)
  2 dart slugs
  4 orcs (D:3)
  4 bats
  An endoplasm (D:1)
  A giant cockroach (D:3)
  4 goblins
  2 hobgoblins
  A quokka (D:2)
  6 ball pythons
  4 frilled lizards
  4 kobolds
  7 rats
45 creatures vanquished.

Notes
Turn   | Place    | Note
-------+----------+-------------------------------------------
     0 | D:1      | Kurtz the Octopode Fighter began the quest for the Orb.
     0 | D:1      | Reached XP level 1. HP: 16/16 MP: 1/1
   164 | D:1      | Reached XP level 2. HP: 21/21 MP: 2/2
   483 | D:1      | Reached skill level 3 in Axes
   889 | D:2      | Reached XP level 3. HP: 21/26 MP: 3/3
  1597 | D:2      | Reached skill level 4 in Axes
  1769 | D:3      | Reached XP level 4. HP: 26/31 MP: 4/4
  1794 | D:3      | Identified the +6 short sword of War {antimagic, rElec
                  | Str+3}
  1942 | D:3      | Found a snail-covered altar of Cheibriados.
  2039 | D:3      | Found a hazy altar of Hepliaklqana.
  2045 | D:3      | HP: 1/31 [orc/+0 club (2)]
  2046 | D:3      | Slain by an orc

Illustrated notes

Levels and vault maps discovered:
D:1:      dpeg_arrival_tiny_j, layout_loops_corners, minmay_tromino_i4
D:2:      layout_basic, serial_corexii_hall, corexii_hall_statues_l,
          corexii_hall_statues_u, chequers_hall_statues_y,
          corexii_hall_statues_x, bh_walls_and_bars
D:3:      minmay_skewed_foursquare, layout_loops_cross,
          mainiacjoe_overflow_alcove_2, nicolae_hepliaklqana_hazy_memory,
          st_stairs_3, grunt_ministairs_14, uniq_jessica

Skill      XL: |  1  2  3 |
---------------+----------+-----
Axes           | 3 4 |  4.8
Fighting       | |  3.0
Dodging        | |  3.0
Shields        | |  3.0

Action                     |  1- 3 |  4- 6 || total
---------------------------+-------+-------++-------
  Melee: War axe           |    47 |    20 ||    67
         Constrict         |    16 |    10 ||    26
         Tentacles         |     3 |     3 ||     6
         Punch             |     1 |       ||     1
    Use: Potion            |       |     1 ||     1
   Stab: Sleeping          |    10 |     1 ||    11
 Armour: Skin              |    21 |    13 ||    34
  Dodge: Dodged            |    26 |    18 ||    44
  Block: Buckler           |     7 |     3 ||    10

Table legend: (Time is in decaauts)
 A = Elapsed time spent in this place.
 B = Non-inter-level travel time spent in this place.
 C = Inter-level travel time spent in this place.
 D = Time resting spent in this place.
 E = Time spent auto-exploring this place.
 F = Levels seen in this place.
 G = Mean time per level.
                   A        B        C        D        E       F      G
               +--------+--------+--------+--------+--------+-----+--------+
         Total |   2069 |   2010 |     59 |    295 |   1454 |   3 |  689.7 |
       Dungeon |   2069 |   2010 |     59 |    295 |   1454 |   3 |  689.7 |
               +--------+--------+--------+--------+--------+-----+--------+

Top non-repeatable levels by time:
     D:1: 892 daAuts
     D:2: 861 daAuts
     D:3: 315 daAuts
